 Dungeon Crawl Stone Soup version 0.27.1-3-gb3d3a73c9e (webtiles) character file.

Game seed: 8726720132947487854

12336 Crownlay the Geomancer (level 11, -2/50 HPs)
             Began as a Gargoyle Earth Elementalist on Oct 17, 2021.
             Was an Elder of Vehumet.
             Collided with a rock wall (17 damage)
             ... caused by a wretched star
             ... on level 1 of the Abyss.
             The game lasted 00:29:39 (13172 turns).

Crownlay the Geomancer (GrEE)                      Turns: 13172, Time: 00:29:40

Health: -2/50      AC: 16    Str:  8    XL:     11   Next: 91%
Magic:  6/24       EV: 15    Int: 15    God:    Vehumet [****..]
Gold:   433        SH:  9    Dex: 10    Spells: 17/28 levels left

rFire    . . .     SeeInvis .   k - +9 staff of Olgreb {rPois∞}
rCold    + + .     Faith    .   H - +0 buckler
rNeg     + + +     Spirit   .   p - +2 leather armour {rC+}
rPois    ∞         Reflect  +   d - +2 hat
rElec    +         Harm     .   y - +1 cloak
rCorr    .         Rampage  .   (no gloves)
Will     .....                  B - +0 pair of boots of the Dice {rC+ rN+ Regen+}
Stlth    ++........             O - amulet of reflection
HPRegen  1.16/turn              D - +4 ring of evasion
MPRegen  0.19/turn              F - ring of positive energy

@: no status effects
A: sickness immunity, AC +8, negative energy resistance 1, electricity
resistance, torment resistance 1, petrification resistance, [deformed body],
[deterioration 2], [dopey 2], [frail 3], [weak 2]
a: Renounce Religion


You were on level 1 of the Abyss.
You worshipped Vehumet.
Vehumet was greatly pleased with you.
You visited 2 branches of the dungeon, and saw 12 of its levels.
You visited the Abyss 1 time.

You collected 651 gold pieces.
You spent 218 gold pieces at shops.

Inventory:

Hand Weapons
 k - the +9 staff of Olgreb (weapon) {rPois∞}
   (You acquired it on level 6 of the Dungeon)

   If the wielder is skilled in Evocations, they can envenom those struck by it,
   dealing poison damage which bypasses armour.
   It enhances your poison magic.
   It grants immunity to poison.
   It can be evoked to radiate toxic energy, with effectiveness depending on
   Evocations skill.
 A - the +1 mace of Fuzzy Guilt {vorpal, rPois Dex-4 SInv Stlth+}
   (You found it on level 5 of the Dungeon)

   It inflicts extra damage upon your enemies.
   Dex:       It affects your dexterity (-4).
   rPois:     It protects you from poison.
   SInv:      It lets you see invisible.
   Stlth:     It makes you more stealthy.
Missiles
 c - 3 curare-tipped darts
 n - 32 poisoned darts
 L - 37 stones
Armour
 d - a +2 hat (worn)
 p - a +2 leather armour of cold resistance (worn)
 y - a +1 cloak (worn)
 B - the +0 pair of boots of the Dice (worn) {rC+ rN+ Regen+}
   (You acquired it on level 8 of the Dungeon)

   rC:        It protects you from cold.
   rN:        It protects you from negative energy.
   Regen:     It increases your rate of health regeneration.
 H - a +0 buckler (worn)
Jewellery
 D - a +4 ring of evasion (left hand)
 F - a ring of positive energy (right hand)
 K - the ring "Miackoru" {Fire Int-4 Dex+4 SInv}
   (You found it on level 11 of the Dungeon)

   [ring of fire]

   It enhances your fire magic.
   Int:       It affects your intelligence (-4).
   Dex:       It affects your dexterity (+4).
   rF:        It protects you from fire.
   rC:        It makes you vulnerable to cold.
   SInv:      It lets you see invisible.
 O - an amulet of reflection (around neck)
Wands
 C - a wand of flame (20)
 G - a wand of charming (9)
 I - a wand of polymorph (7)
 N - a wand of acid (15)
Scrolls
 f - a scroll of fog {unknown}
 l - 2 scrolls of fear {unknown}
 m - a scroll of holy word
 r - a scroll of noise {unknown}
 s - a scroll of magic mapping {unknown}
 t - 4 scrolls of brand weapon
 v - 3 scrolls of amnesia
 w - a scroll of torment {unknown}
 E - 5 scrolls of enchant armour {unknown}
 P - a scroll of identify
Potions
 a - 3 potions of lignification {unknown}
 e - 4 potions of heal wounds
 g - 2 potions of ambrosia {unknown}
 h - 6 potions of curing
 i - 5 potions of attraction {unknown}
 j - a potion of resistance {unknown}
 o - 2 potions of invisibility {unknown}
 q - 2 potions of brilliance {unknown}
 u - 2 potions of haste {unknown}
 x - 2 potions of might {unknown}
 z - 2 potions of flight {unknown}
 J - 2 potions of cancellation {unknown}
 M - a potion of magic {unknown}


   Skills:
 - Level 10.0 Fighting
 - Level 1.5 Dodging
 - Level 2.1 Stealth
 - Level 4.0 Shields
 + Level 9.2 Spellcasting
 + Level 8.6 Conjurations
 - Level 0.7 Transmutations
 + Level 2.0 Fire Magic
 - Level 10.6 Earth Magic
 * Level 3.6 Evocations


You had 17 spell levels left.
You knew the following spells:

 Your Spells              Type           Power      Damage    Failure   Level
a - Sandblast             Erth           78%        2d17      1%          1
b - Stone Arrow           Conj/Erth      70%        3d11      1%          3
c - Searing Ray           Conj           64%        3d5       1%          2
d - Bolt of Magma         Conj/Fire/Erth 14%        4d8       6%          5

Your spell library contained the following spells:

 Spells                   Type           Power      Damage    Failure   Level
 Magic Dart               Conj           100%       1d8       1%          1
 Shock                    Conj/Air       76%        1d7       1%          1
 Passwall                 Tmut/Erth      20%        N/A       2%          2
 Poisonous Vapours        Pois/Air       20%        N/A       7%          2
 Fulminant Prism          Conj/Hex       9%         3d7       7%          4
 Petrify                  Tmut/Erth      24%        N/A       14%         4
 Apportation              Tloc           12%        N/A       16%         1
 Leda's Liquefaction      Hex/Erth       11%        N/A       17%         4
 Corpse Rot               Necr/Air       N/A        N/A       24%         2
 Freezing Cloud           Conj/Ice/Air   7%         6-21      32%         5
 Airstrike                Air            3%         N/A       36%         4
 Call Canine Familiar     Summ           6%         N/A       43%         3
 Ozocubu's Armour         Ice            6%         N/A       43%         3
 Portal Projectile        Hex/Tloc       12%        N/A       43%         3
 Swiftness                Air            6%         N/A       43%         3
 Alistair's Intoxication  Tmut/Pois      8%         N/A       98%         5
 Invisibility             Hex            3%         N/A       100%        6
 Ozocubu's Refrigeration  Ice            3%         4d5       100%        7


Dungeon Overview and Level Annotations

Branches:
Dungeon (11/15)            Temple (1/1) D:4            Lair (0/6) D:8
    Orc (0/2) D:10

Altars:
Ashenzari
Cheibriados
Dithmenos
Fedhas
Hepliaklqana
Makhleb
Uskayaw
Vehumet
Wu Jian
Xom
Yredelemnul
The Shining One

Shops:
D:1 [!   D:9 ?   D:10 (

Annotations:
D:11 Erolcha


Innate Abilities, Weirdness & Mutations

You are immune to sickness and miasma.
Your stone body is resilient. (AC +8)
You are immune to poison.
You resist negative energy. (rN+)
You are resistant to electric shocks. (rElec)
You are resistant to unholy torment.
You are immune to petrification.
[Armour fits poorly on your strangely shaped body.]
[Your body often deteriorates upon taking damage.]
[You are very dopey. (Int -4)]
[You are extremely frail. (-30% HP)]
[You are very weak. (Str -4)]


Message History

Press: ? - help, Shift-Dir - straight line, f/p - sixfirhy
Aim: a sixfirhy (heavily wounded, 42% to hit)
Okay, then.
You block the sixfirhy's attack.
The sixfirhy hits you but does no damage.
The sixfirhy closely misses you. The sixfirhy misses you.
Casting: Stone Arrow (safe; 1% risk of failure)
Confirm with . or Enter, or press ? or * to list all spells.
Aiming: Sandblast (safe; 1% risk of failure)
Press: ? - help, Shift-Dir - straight line, f/p - sixfirhy
Aim: a sixfirhy (heavily wounded, 59% to hit)
The blast of sand hits the sixfirhy!
The sixfirhy is severely wounded.
The sixfirhy barely misses you.
The sixfirhy hits you but does no damage.
The sixfirhy hits you. The sixfirhy shocks you. You resist.
* * * LOW HITPOINT WARNING * * *
Casting: Sandblast (safe; 1% risk of failure)
Confirm with . or Enter, or press ? or * to list all spells.
Aiming: Sandblast (safe; 1% risk of failure)
Press: ? - help, Shift-Dir - straight line, f/p - sixfirhy
Aim: a sixfirhy (severely wounded, 59% to hit)
The blast of sand hits the sixfirhy!!
You kill the sixfirhy!
Vehumet accepts your kill.
You feel your power returning.
You feel your dexterity returning.
Your Fire Magic skill increases to level 2!
Casting: Sandblast (safe; 1% risk of failure)
Confirm with . or Enter, or press ? or * to list all spells.
Aiming: Stone Arrow (safe; 1% risk of failure)
Press: ? - help, Shift-Dir - straight line, f - wretched star
Aim: a wretched star (heavily damaged, 74% to hit)
The stone arrow misses the wretched star.
The wretched star glows turbulently.
The lance of force hits you.
* * * LOW HITPOINT WARNING * * *
You are knocked back by the lance of force.
You slam into the rock wall!
You die...

##....###.###.##≈
#..#. ..#....≈
#.3###.## ..#
##....#......#
.###.#4..##.# #..
#..*##.#.# .. ##
#.#..# ## #####
###.#.#...#
#.#@.....#
#..#.....# .....
..#.... ##.#.#
.#...#. #.###
..##. ## ## #


You could see a wretched star and an orange demon.

Vanquished Creatures
  A boulder beetle (D:9)
  A centaur warrior (D:9)
  A skeletal warrior (D:9)
  A sixfirhy (Abyss:1)
  A wizard (D:9)
  A deep elf pyromancer (D:10)
  A manticore (D:9)
  2 gargoyles
  A troll (D:9)
  Prince Ribbit (D:8)
  Grinder (D:5)
  A wraith (D:10)
  10 yaks
  A shadow (D:9)
  A large abomination (Abyss:1)
  Menkaure (D:4)
  2 wargs (D:8)
  2 water moccasins (D:6)
  Duvessa (D:7)
  A hornet zombie (D:8)
  2 orc warriors
  A black bear (D:6)
  An ice beast (D:6)
  3 necrophages
  3 ogres
  2 centaurs
  7 bullfrogs
  3 kobold brigands
  2 gnoll sergeants
  3 scorpions
  2 wyvern zombies (D:8)
  Dowan (D:7)
  A water moccasin skeleton (D:4)
  9 wights
  An electric eel (D:7)
  4 bullfrog zombies
  3 centaur zombies
  4 jellies
  4 hounds
  10 orc priests
  2 bullfrog skeletons
  2 centaur skeletons (D:6)
  2 gnoll shamans
  7 iguanas
  11 orc wizards
  3 killer bee zombies (D:8)
  A mummy (D:8)
  3 howler monkey zombies
  17 gnolls
  8 adders
  2 white imps
  2 ufetubi
  3 worms
  3 dart slugs
  34 orcs
  7 ball pythons
  12 endoplasms
  2 giant cockroaches (D:3)
  5 goblins
  9 hobgoblins
  4 jackals
  29 kobolds
  3 quokkas
  7 bats
  5 frilled lizards
  8 rats
289 creatures vanquished.

Vanquished Creatures (others)
  5 fungi (D:2)
  6 toadstools (D:2)
  A withered plant (D:8)
12 creatures vanquished.

Grand Total: 301 creatures vanquished

Notes
Turn   | Place    | Note
-------+----------+-------------------------------------------
     0 | D:1      | Crownlay the Gargoyle Earth Elementalist began the quest
                  | for the Orb.
     0 | D:1      | Reached XP level 1. HP: 10/10 MP: 3/3
   227 | D:1      | Reached XP level 2. HP: 12/15 MP: 5/5
   550 | D:1      | Found Wex Ovva's Distillery.
   733 | D:1      | Found Wuynoybb's Antique Armour Shoppe.
   826 | D:2      | Found a snail-covered altar of Cheibriados.
   862 | D:2      | Reached XP level 3. HP: 19/19 MP: 2/6
   866 | D:2      | Learned a level 3 spell: Stone Arrow
  1493 | D:2      | Reached skill level 5 in Earth Magic
  1986 | D:2      | Reached XP level 4. HP: 24/24 MP: 1/8
  2108 | D:2      | Reached XP level 5. HP: 21/28 MP: 7/9
  3366 | D:3      | Found a faded altar of an unknown god.
  3499 | D:3      | Reached XP level 6. HP: 28/32 MP: 11/11
  3601 | D:4      | Found a hide-covered altar of Uskayaw.
  3666 | D:4      | Found a basalt altar of Yredelemnul.
  3752 | D:4      | Found a staircase to the Ecumenical Temple.
  3761 | Temple   | Entered the Ecumenical Temple
  3767 | Temple   | Became a worshipper of Vehumet
  4544 | D:4      | Noticed Menkaure
  4547 | D:4      | Killed Menkaure
  4548 | D:4      | Reached XP level 7. HP: 36/36 MP: 9/13
  4660 | D:5      | Entered Level 5 of the Dungeon
  4723 | D:5      | Reached skill level 1 in Conjurations
  4825 | D:5      | Reached skill level 5 in Spellcasting
  4920 | D:5      | Found a hazy altar of Hepliaklqana.
  4920 | D:5      | Noticed Grinder
  4924 | D:5      | Killed Grinder
  4925 | D:5      | Reached XP level 8. HP: 41/41 MP: 9/16
  5023 | D:5      | Identified the +1 mace of Fuzzy Guilt {vorpal, rPois Dex-4
                  | SInv Stlth+}
  5244 | D:6      | Reached skill level 5 in Conjurations
  5729 | D:6      | Reached * piety under Vehumet
  5729 | D:6      | Offered knowledge of Freeze by Vehumet.
  5730 | D:6      | Reached XP level 9. HP: 45/45 MP: 13/18
  5871 | D:6      | Reached skill level 1 in Fighting
  6707 | D:6      | Identified 2 scrolls of acquirement
  6710 | D:6      | Acquired the +9 staff of Olgreb {rPois∞}
  6710 | D:6      | Found the +9 staff of Olgreb {rPois∞}
  6786 | D:7      | Noticed Duvessa
  6786 | D:7      | Noticed Dowan
  6791 | D:7      | Killed Dowan
  6797 | D:7      | Killed Duvessa
  7457 | D:7      | Reached skill level 5 in Fighting
  7765 | D:7      | You fall into a shaft and drop 1 floor!
  7823 | D:7      | Reached ** piety under Vehumet
  8013 | D:7      | Offered knowledge of Foxfire by Vehumet.
  8074 | D:8      | Reached XP level 10. HP: 49/60 MP: 16/21
  8349 | D:8      | Found a staircase to the Lair.
  8444 | D:8      | Learned a level 2 spell: Searing Ray
  8731 | D:8      | Offered knowledge of Static Discharge by Vehumet.
  9069 | D:8      | Noticed Prince Ribbit
  9078 | D:8      | Killed Prince Ribbit
  9377 | D:8      | Found a blossoming altar of Fedhas.
  9378 | D:8      | Found a burning altar of Makhleb.
  9523 | D:8      | Reached *** piety under Vehumet
  9681 | D:8      | Found a snail-covered altar of Cheibriados.
  9811 | D:8      | Acquired the +0 pair of boots of the Dice {rC+ rN+ Regen+}
  9936 | D:9      | You fall into a shaft and drop 1 floor!
  9936 | D:10     | Entered Level 10 of the Dungeon
 10404 | D:9      | Found an ornate altar of the Wu Jian Council.
 10432 | D:9      | Offered knowledge of Conjure Flame by Vehumet.
 10525 | D:9      | Noticed a skeletal warrior
 10570 | D:9      | Killed a skeletal warrior
 10571 | D:9      | Reached XP level 11. HP: 71/71 MP: 0/23
 10764 | D:9      | Reached skill level 10 in Earth Magic
 10766 | D:9      | Noticed a centaur warrior
 10767 | D:9      | Noticed a manticore
 10771 | D:9      | Killed a manticore
 10781 | D:9      | Killed a centaur warrior
 10788 | D:9      | Noticed a boulder beetle
 10800 | D:9      | Killed a boulder beetle
 10801 | D:9      | Reached skill level 10 in Fighting
 10902 | D:9      | Noticed a wizard
 10906 | D:9      | Killed a wizard
 10907 | D:9      | Reached skill level 1 in Evocations
 10992 | D:9      | Found Mezorir's Magic Scroll Emporium.
 11540 | D:1      | Bought a smouldering cloak for 218 gold pieces
 11540 | D:1      | Identified the -6 cloak "Xuolludi" {+Blink rF+} (You bought
                  | it in a shop on level 1 of the Dungeon)
 11763 | D:10     | Noticed a deep elf pyromancer
 11763 | D:10     | Found Gathry's Weapon Shop.
 11767 | D:10     | Killed a deep elf pyromancer
 11773 | D:10     | Reached **** piety under Vehumet
 12105 | D:10     | Found a glowing golden altar of the Shining One.
 12245 | D:10     | Offered knowledge of Bolt of Magma by Vehumet.
 12253 | D:10     | Learned a level 5 spell: Bolt of Magma
 12454 | D:10     | Found a staircase to the Orcish Mines.
 12545 | D:10     | Reached skill level 1 in Fire Magic
 12903 | D:11     | Identified the ring "Miackoru" {Fire Int-4 Dex+4 SInv}
 13030 | D:11     | Noticed Erolcha
 13035 | D:11     | Cast into level 1 of the Abyss (Erolcha)
 13126 | Abyss:1  | Noticed a spatial maelstrom
 13137 | Abyss:1  | Noticed a wretched star
 13144 | Abyss:1  | Noticed a sixfirhy
 13171 | Abyss:1  | Killed a sixfirhy
 13172 | Abyss:1  | Collided with a rock wall

Illustrated notes

Levels and vault maps discovered:
D:1:      dpeg_arrival_lava_temple_mockup, layout_rooms, serial_shops,
          nicolae_shop_behind_doors, nicolae_shop_behind_doors
D:2:      cheibrodos_fertilizer, layout_basic, basic_altar, st_stairs_14,
          minmay_quantized
D:3:      layout_loops_corners, basic_ecumenical_altar,
          minmay_fractal_squares_gapless_5
D:4:      layout_loops_ring, amcnicky_altar_gilded,
          mainiacjoe_overflow_tiny_flanked, minmay_temple_entry_sparse_star,
          uniq_menkaure
D:5:      layout_rooms, worldfamousw_hep_ancestral_shrine, uniq_grinder
D:6:      layout_basic, minmay_quadrilaterals
D:7:      layout_rooms, nicolae_water_bricks, uniq_duvessa
D:8:      layout_gridville, slow_altar_1, mainiacjoe_overflow_big_doors,
          erik_lair_orcish_takeover, serial_undead, serial_undead_e,
          serial_undead_b, serial_undead_c, serial_undead_c, serial_undead_f,
          serial_undead_e, uniq_prince_ribbit1
D:9:      minmay_curly_fans, layout_cross, nicolae_wu_jian_wuxing_cycle,
          nicolae_inconvenience_store
D:10:     layout_roguey, nicolae_tso_swordbearing_angel, serial_shops, shop
D:11:     layout_gridville, uniq_josephine, uniq_sonja, uniq_psyche,
          uniq_erolcha
Temple:   zaba_magenta_temple
Abyss:1:  base:
D:7

Skill      XL: |  1  2  3  4  5  6  7  8  9 10 11 |
---------------+----------------------------------+-----
Earth Magic    | 4 5 6 8 9 10 | 10.6
Spellcasting   | 3 4 5 6 7 8 9 |  9.2
Conjurations   | 4 7 8 |  8.6
Fighting       | 5 9 10 | 10.0
Shields        | 3 4 |  4.0
Evocations     | 3 |  3.6
Fire Magic     | 2 |  2.0
Dodging        | |  1.5
Stealth        | |  2.1
Transmutations | |  0.7

Action                   |  1- 3 |  4- 6 |  7- 9 | 10-12 || total
-------------------------+-------+-------+-------+-------++-------
Melee: Mace              |    73 |   199 |    28 |       ||   300
       Staff             |       |       |       |    16 ||    16
Throw: Dart              |       |       |       |     9 ||     9
       Throwing net      |       |       |       |     1 ||     1
 Cast: Sandblast         |    19 |    24 |   120 |    86 ||   249
       Stone Arrow       |       |     1 |     5 |   109 ||   115
       Searing Ray       |       |       |       |    26 ||    26
Evoke: Staff of Olgreb   |       |       |     4 |       ||     4
  Use: Scroll            |       |       |     4 |     8 ||    12
 Stab: Sleeping          |     1 |     3 |       |       ||     4
Armor: Robe              |    35 |       |       |       ||    35
       Leather armour    |    15 |   123 |    39 |    58 ||   235
Dodge: Dodged            |    44 |   128 |    65 |   106 ||   343
Block: Buckler           |       |       |       |    42 ||    42
       Reflection        |       |       |       |     1 ||     1
